 Dungeon Crawl Stone Soup version 0.21.1-1-g345015f (webtiles) character file.

111 Fang the Skirmisher (level 4, -8/43 HPs)
             Began as a Gargoyle Berserker on June 7, 2018.
             Was a Believer of Trog.
             Killed from afar by an orc wizard (9 damage)
             ... with a magic dart
             ... on level 3 of the Dungeon.
             The game lasted 00:04:32 (1950 turns).

Fang the Skirmisher (Gargoyle Berserker)            Turns: 1950, Time: 00:04:33

Health: -8/43      AC:  5    Str: 27    XL:     4   Next: 92%
Magic:  4/4        EV: 12    Int:  7    God:    Trog [**....]
Gold:   104        SH:  0    Dex:  9    Spells: 3/3 levels left

rFire    . . .     SeeInvis .   a - +0 hand axe
rCold    . . .     Gourm    .   (no shield)
rNeg     + . .     Faith    .   b - +0 animal skin
rPois    ∞         Spirit   .   (no helmet)
rElec    +         Reflect  .   (no cloak)
rCorr    .         Harm     .   (no gloves)
MR       .....                  (no boots)
Stlth    ..........             (no amulet)
HPRegen  0.14/turn              (no ring)
MPRegen  0.09/turn              (no ring)

@: berserking, very quick
A: negative energy resistance 1, electricity resistance, unbreathing,
petrification resistance, rot immunity, AC +3
a: Berserk, Trog's Hand, Burn Spellbooks, Renounce Religion


You were on level 3 of the Dungeon.
You worshipped Trog.
Trog was pleased with you.
You were hungry.

You visited 1 branch of the dungeon, and saw 3 of its levels.

You collected 104 gold pieces.

Inventory:

Hand Weapons
 a - a +0 hand axe (weapon)
Armour
 b - a +0 animal skin (worn)
Jewellery
 l - a cursed -6 ring of evasion {unknown}
Scrolls
 d - a scroll of magic mapping {unknown}
 e - 2 scrolls of teleportation {unknown}
 g - 4 scrolls of identify {unknown}
 h - a scroll of noise {unknown}
 i - a scroll of fear {unknown}
 m - a scroll of amnesia {unknown}
 o - a scroll of enchant armour {unknown}
Potions
 f - a potion of ambrosia {unknown}
 j - a potion of curing {unknown}
 k - a potion of lignification {unknown}
 n - 2 potions of brilliance {unknown}
Comestibles
 c - 3 rations


   Skills:
 + Level 4.3 Fighting
 + Level 3.7 Axes
 + Level 2.2 Armour
 + Level 2.3 Dodging
 + Level 0.8 Stealth


You had 3 spell levels left.
You didn't know any spells.

Dungeon Overview and Level Annotations

Branches:
Dungeon (3/15)

Altars:
Elyvilon


Innate Abilities, Weirdness & Mutations

You are resistant to torment.
Your stone body is resilient. (AC +3)
You are immune to poison.
You resist negative energy. (rN+)
You are resistant to electric shocks. (rElec)
You can survive without breathing.
You are immune to petrification.
You are immune to rotting.


Message History

The orc is almost dead.
You hit the orc but do no damage.
The orc wizard gestures at you while chanting.
The magic dart hits you!
* * * LOW HITPOINT WARNING * * *
The orc hits you with a dagger.
* * * LOW HITPOINT WARNING * * *
The orc misses you.
A goblin comes into view.
A red film seems to cover your vision as you go berserk!
You feel yourself moving faster!
You feel mighty!
You are feeling hungry.
The orc barely misses you.
The orc wizard gestures at you while chanting.
The magic dart hits you!
* * * LOW HITPOINT WARNING * * *
The orc barely misses you.
The orc wizard gestures at you while chanting.
The magic dart hits you!
You die...

##......##
##........##
#...>......#
#..........#
#........(.#
#......o...#
#..........#
##........##
#..@o....#
#..oog.......
#...........(
#.............
#.............
#....%...).#.
##.../......
##...g.....


You could see 2 orc wizards, 2 orcs, a hobgoblin and a goblin.

Vanquished Creatures
  Terence (D:2)
  3 adders (D:2)
  3 worms (D:2)
  2 leopard geckos (D:2)
  An orc (D:3)
  3 giant cockroaches
  5 goblins
  5 hobgoblins
  5 jackals (D:2)
  3 kobolds
  5 bats
  8 rats
44 creatures vanquished.

Notes
Turn   | Place    | Note
-------+----------+-------------------------------------------
     0 | D:1      | Fang the Gargoyle Berserker began the quest for the Orb.
     0 | D:1      | Reached XP level 1. HP: 14/14 MP: 1/1
   169 | D:1      | Reached XP level 2. HP: 16/19 MP: 2/2
   605 | D:2      | Reached ** piety under Trog
   634 | D:2      | Reached XP level 3. HP: 15/24 MP: 3/3
   978 | D:2      | Noticed Terence
   984 | D:2      | Killed Terence
   984 | D:2      | Reached skill level 4 in Fighting
   984 | D:2      | Reached XP level 4. HP: 29/29 MP: 4/4
  1046 | D:2      | Found a white marble altar of Elyvilon.
  1950 | D:3      | HP: 1/43 [orc wizard/magic dart (3)]
  1950 | D:3      | Killed from afar by an orc wizard

Skill      XL: |  1  2  3 |
---------------+----------+-----
Axes           | 3 |  3.7
Dodging        | 2 |  2.3
Fighting       | 4 |  4.3
Armour         | |  2.2
Stealth        | |  0.8

Action                   |  1- 3 |  4- 6 || total
-------------------------+-------+-------++-------
Melee: Hand axe          |    89 |    67 ||   156
Invok: Berserk           |     1 |     2 ||     3
 Stab: Sleeping          |       |     1 ||     1
  Eat: Chunk             |       |     5 ||     5
Armor: Animal skin       |    36 |    19 ||    55
Dodge: Dodged            |    66 |    45 ||   111
